Map: [ESL] Site Delta

Players

Erik

  • Race: Zerg Zerg
  • Spawn Location: 5:00

Astrea - Winner!

  • Race: Protoss Protoss
  • Spawn Location: 11:00

Event: ESL SC2 Masters 2023 Winter (Regional)

VOD

Have the link to the VOD?

Description

Time

  • Played on: Nov. 1, 2023, 4:35 p.m.
  • Length: 11:38

All games in this series

Show
View Real Time Build Order
Export as new Build Order

Erik Zerg 

Build Orders: Hatch First 

Get SALT Encoding   

  12  0:00  Drone  
  13  0:08  Drone  
  14  0:32  Hatchery  
  13  0:35  Drone  
  14  0:43  Overlord  
  14  1:00  Spawning Pool  
  14  1:03  Drone  
  14  1:07  Drone  
  15  1:11  Drone  
  15  1:17  Drone  
  17  1:25  Drone  
  17  1:32  Extractor  
  17  1:36  Drone  
  18  1:46  Queen x2  
  22  1:49  Zergling x2  
  22  1:53  Drone  
  24  1:57  Drone  
  24  2:00  Drone  
  26  2:10  Drone  
  26  2:12  Overlord  
  27  2:16  Drone  
  28  2:31  Drone  
  28  2:32  Drone x2  
  28  2:34  Queen  
  28  2:36  Queen  
  35  2:41  Zergling x2  
  35  2:44  Overlord  
  36  2:49  Overlord  
  35  3:03  Drone x6  
  41  3:05  Drone  
  41  3:11  Drone  
  43  3:14  Drone  
  43  3:17  Lair  
  44  3:21  Zergling x2  
  45  3:30  Drone  
  45  3:32  Overlord  
  46  3:36  Drone, Extractor  
  46  3:37  Extractor  
  45  3:44  Drone x3  
  45  3:45  Drone  
  45  3:48  Drone  
  47  3:51  Drone x3  
  49  3:56  Drone  
  48  4:06  Drone, Metabolic Boost  
  48  4:07  Drone  
  50  4:11  Zergling x2  
  50  4:13  Evolution Chamber  
  50  4:16  Spore Crawler  
  49  4:17  Drone x4  
  49  4:19  Spore Crawler  
  51  4:27  Spore Crawler  
  51  4:28  Drone x4  
  51  4:29  Hydralisk Den  
  53  4:36  Overseer  
  53  4:41  Drone x2, Hatchery  
  52  4:45  Drone  
  52  4:51  Zerg Melee Weapons Level 1  
  52  4:54  Baneling Nest  
  52  4:55  Zergling x8  
  52  4:59  Muscular Augments  
  55  5:06  Overlord  
  55  5:07  Drone x2  
  57  5:14  Spore Crawler  
  57  5:16  Drone x4  
  60  5:22  Overlord x2  
  60  5:26  Drone  
  60  5:27  Drone  
  62  5:30  Drone x2  
  62  5:31  Drone  
  62  5:34  Extractor  
  63  5:36  Drone x2  
  65  5:45  Overlord x2  
  65  5:50  Hydralisk x2  
  65  5:55  Hydralisk x2  
  73  6:03  Zergling x2  
  73  6:04  Zergling x6  
  77  6:13  Zergling x10  
  77  6:17  Grooved Spines  
  82  6:19  Baneling x4  
  82  6:21  Overlord  
  82  6:22  Drone x2  
  84  6:29  Drone  
  84  6:30  Drone x4  
  89  6:34  Drone x4  
  92  6:44  Hydralisk  
  92  6:45  Hydralisk x3  
  99  6:49  Extractor  
  99  6:50  Extractor  
  97  6:55  Hatchery  
  97  6:57  Zergling x14  
  97  7:01  Spire  
  102  7:03  Zerg Melee Weapons Level 2  
  101  7:11  Hydralisk x3  
  107  7:19  Overlord  
  107  7:20  Overlord  
  107  7:21  Zergling x2  
  107  7:22  Zergling x8  
  109  7:41  Drone x4  
  109  7:42  Drone  
  113  7:44  Drone  
  113  7:46  Drone x6  
  120  7:51  Extractor  
  120  7:52  Overlord x2  
  120  7:55  Zergling x2, Extractor  
  120  7:56  Zergling x6  
  121  8:00  Hydralisk  
  121  8:01  Hydralisk x2  
  127  8:05  Hydralisk  
  127  8:09  Overlord  
  125  8:23  Mutalisk x8  
  141  8:30  Spore Crawler  
  141  8:32  Spine Crawler  
  141  8:33  Mutalisk x3  
  145  8:38  Zergling x8  
  146  8:54  Mutalisk  
  146  8:55  Mutalisk x4  
  133  9:04  Mutalisk x3  
  133  9:08  Zergling x18  
  133  9:09  Zergling x2  
  149  9:22  Mutalisk  
  149  9:23  Mutalisk x2  
  134  9:38  Mutalisk x2  
  99  9:56  Zergling x10  
  59  10:50  Zergling x2  
  59  10:51  Zergling x2  
  59  10:52  Zergling x10  
  37  11:30  Hatchery  
Show
View Real Time Build Order
Export as new Build Order

Astrea Protoss - Winner!

Build Orders: 1 Gate Expand, Oracle Opening 

Get SALT Encoding   

  12  0:00  Probe  
  13  0:12  Probe  
  14  0:18  Pylon  
  14  0:24  Probe  
  15  0:37  Probe (Chrono Boost)  
  15  0:39  Gateway  
  16  0:46  Probe (Chrono Boost)  
  16  0:49  Assimilator  
  17  0:51  Probe  
  18  1:03  Probe  
  19  1:15  Probe  
  20  1:29  Nexus  
  20  1:30  Probe  
  21  1:39  Cybernetics Core  
  21  1:45  Probe  
  22  1:47  Assimilator  
  22  1:54  Pylon  
  22  1:57  Probe  
  23  2:12  Probe (Chrono Boost)  
  23  2:13  Adept (Chrono Boost)  
  23  2:21  Probe (Chrono Boost)  
  23  2:22  Stargate  
  26  2:26  Probe (Chrono Boost)  
  27  2:31  Warp Gate  
  27  2:37  Adept  
  27  2:41  Probe (Chrono Boost)  
  27  2:42  Probe (Chrono Boost)  
  31  2:50  Probe (Chrono Boost)  
  33  2:53  Probe (Chrono Boost)  
  33  2:55  Probe (Chrono Boost)  
  32  3:02  Probe  
  32  3:04  Oracle (Chrono Boost)  
  33  3:07  Probe  
  37  3:14  Probe  
  39  3:20  Probe  
  39  3:26  Probe  
  40  3:29  Gateway  
  40  3:30  Pylon  
  40  3:32  Probe  
  44  3:34  Oracle  
  44  3:38  Probe  
  45  3:44  Probe  
  46  3:51  Probe  
  45  3:56  Probe  
  45  3:58  Pylon  
  46  4:03  Probe  
  46  4:08  Probe  
  46  4:09  Nexus  
  48  4:11  Twilight Council  
  48  4:14  Pylon  
  48  4:15  Probe  
  49  4:20  Probe  
  50  4:27  Probe (Chrono Boost)  
  50  4:29  Stalker  
  50  4:30  Assimilator  
  51  4:32  Probe (Chrono Boost)  
  51  4:34  Gateway, Stalker  
  54  4:39  Probe (Chrono Boost)  
  54  4:42  Pylon  
  53  4:46  Probe (Chrono Boost)  
  53  4:47  Probe (Chrono Boost)  
  53  4:51  Gateway, Probe (Chrono Boost)  
  54  4:59  Probe  
  56  5:01  Robotics Facility  
  56  5:03  Stalker  
  56  5:06  Blink (Chrono Boost), Probe  
  59  5:12  Assimilator, Probe  
  60  5:14  Stalker  
  60  5:17  Shield Battery  
  60  5:19  Probe  
  63  5:26  Probe  
  63  5:27  Stalker  
  66  5:32  Stalker  
  66  5:33  Probe  
  66  5:34  Probe  
  70  5:38  Stalker, Probe  
  73  5:43  Forge  
  73  5:45  Probe  
  73  5:46  Probe  
  73  5:48  Stalker  
  77  5:50  Probe  
  77  5:51  Robotics Bay  
  77  5:56  Observer (Chrono Boost)  
  79  5:57  Probe  
  79  5:58  Probe  
  79  6:01  Pylon  
  79  6:02  Stalker  
  83  6:04  Pylon  
  83  6:07  Probe  
  83  6:09  Probe  
  85  6:12  Stalker x2, Probe  
  85  6:13  Protoss Ground Weapons Level 1 (Chrono Boost)  
  85  6:17  Pylon  
  90  6:19  Assimilator  
  90  6:21  Probe  
  90  6:23  Assimilator  
  91  6:29  Stalker x2  
  95  6:34  Shield Battery  
  95  6:37  Stalker  
  95  6:38  Stalker  
  99  6:50  Colossus (Chrono Boost)  
  105  6:56  Probe  
  105  6:57  Probe x2  
  108  7:03  Extended Thermal Lance  
  108  7:09  Probe  
  108  7:11  Nexus  
  108  7:12  Probe  
  108  7:13  Robotics Facility  
  110  7:16  Stalker  
  110  7:20  Probe  
  113  7:25  Gateway  
  113  7:28  Probe  
  113  7:29  Gateway  
  113  7:33  Gateway  
  113  7:35  Gateway  
  111  7:41  Photon Cannon, Colossus (Chrono Boost)  
  117  7:53  Charge, Pylon x2  
  117  7:55  Pylon  
  117  7:59  Nexus  
  117  8:01  Pylon  
  117  8:10  Colossus  
  123  8:16  Protoss Ground Weapons Level 2 (Chrono Boost)  
  123  8:19  Stalker x5  
  133  8:23  Probe x2  
  133  8:24  Probe  
  133  8:26  Photon Cannon  
  136  8:29  Shield Battery  
  136  8:32  Photon Cannon, Pylon  
  136  8:38  Probe  
  136  8:39  Probe x2  
  139  8:41  Photon Cannon  
  139  8:45  Stalker x5  
  149  8:50  Forge  
  149  8:54  Probe  
  149  8:55  Stalker x3  
  154  8:59  Probe  
  155  9:11  Stalker x2  
  155  9:12  Probe x2  
  155  9:13  Photon Cannon  
  161  9:19  Stalker x4  
  167  9:25  Stalker x2  
  152  9:44  Stalker x6  
  127  10:01  Stalker x2  
  125  10:17  Phoenix (Chrono Boost)  
  125  10:19  Cybernetics Core  
  125  10:21  Photon Cannon  
  118  10:23  Photon Cannon  
  107  10:31  Photon Cannon  
  107  10:33  Photon Cannon  
  91  10:37  Photon Cannon  
Tags
 
Add a new tag
Caveats
  • Supply blocks, unpowered buildings, or Contaminate may cause inaccurate times.
  • Supply counts are checked every 10 seconds.